 Seeded DCSS version 0.29.1-13-g9f3cf754e1 (webtiles) character file.

Game seed: 16245865983455551772 (custom seed)

60342 OTABOTABOTAB the Nimble (level 14, -2/101 HPs)
             Began as an Octopode Summoner on Jan 27, 2023.
             Was an Initiate of Gozag.
             Slain by a five-headed hydra (13 damage)
             ... on level 4 of the Lair of Beasts.
             The game lasted 00:55:57 (22782 turns).

OTABOTABOTAB the Nimble (Octopode Summoner)        Turns: 22782, Time: 00:55:58

Health: -2/101     AC:  7    Str: 14    XL:     14   Next: 99%
Magic:  25/28      EV: 26    Int: 46    God:    Gozag
Gold:   892        SH:  0    Dex: 29    Spells: 10/33 levels left

rFire   . . .      SeeInvis +   g - +10 lajatang of the Wraith {holy, rCorr Dex+4}
rCold   + . .      Faith    .   (shield currently unavailable)
rNeg    . . .      Spirit   .   t - +2 hat
rPois   .          Reflect  .   s - amulet of magic regeneration
rElec   +          Harm     .   a - ring of Awe {AC+4 Int+5 Dex+3}
rCorr   +          Rampage  .   b - ring of Waucotecen {Will+ rCorr Dex+4 SInv}
Will    ++...                   I - +6 ring of intelligence
Stlth   ++++......              h - +6 ring of intelligence
HPRegen 0.26/turn               l - ring of Henotheism {Drain rElec Str+6 Int+2 Dex+5}
MPRegen 0.61/turn               k - +6 ring of intelligence
                                C - ring of protection from cold {rC+, !d}
                                (no ring)

@: about to teleport, forested, gold aura
A: almost no armour, amphibious, 8 rings, camouflage 1, gelatinous body 1,
(nimble swimmer 1), tentacles
a: Renounce Religion, Potion Petition, Call Merchant, Bribe Branch


You were on level 4 of the Lair of Beasts.
You worshipped Gozag.
Gozag was pleased with you.
You visited 4 branches of the dungeon, and saw 19 of its levels.
You also visited: Ice Cave.

You collected 6294 gold pieces.
You spent 598 gold pieces at shops.
You paid 4804 gold pieces to Gozag.

Inventory:

Hand Weapons
 g - the +10 lajatang of the Wraith (weapon) {holy, rCorr Dex+4}
   (You acquired it on level 1 of the Dungeon)

   It has been blessed by the Shining One to cause great damage to the undead
   and demons.
   Dex:       It affects your dexterity (+4).
   rCorr:     It protects you from acid and corrosion.
Armour
 t - a +2 hat (worn)
   (You found it on level 7 of the Dungeon)
Jewellery
 a - the ring of Awe (left tentacle) {AC+4 Int+5 Dex+3}
   (You acquired it on level 1 of the Dungeon)

   [ring of protection]

   AC:        It affects your AC (+4).
   Int:       It affects your intelligence (+5).
   Dex:       It affects your dexterity (+3).
 b - the ring of Waucotecen (right tentacle) {Will+ rCorr Dex+4 SInv}
   (You acquired it on level 1 of the Dungeon)

   [ring of see invisible]

   Dex:       It affects your dexterity (+4).
   SInv:      It lets you see invisible.
   rCorr:     It protects you from acid and corrosion.
   Will:      It increases your willpower.
 h - a +6 ring of intelligence (on tentacle)
   (You found it on level 1 of the Dungeon)
 k - a +6 ring of intelligence (on tentacle)
   (You took it off an orc on level 8 of the Dungeon)
 l - the ring of Henotheism (on tentacle) {Drain rElec Str+6 Int+2 Dex+5}
   (You acquired it on level 6 of the Dungeon)

   [ring of strength]

   Str:       It affects your strength (+6).
   Int:       It affects your intelligence (+2).
   Dex:       It affects your dexterity (+5).
   rElec:     It insulates you from electricity.
   Drain:     It drains your maximum health when unequipped.
 p - an amulet of regeneration
   (You found it on level 3 of the Dungeon)
 s - an amulet of magic regeneration (around mantle)
   (You found it on level 2 of the Lair of Beasts)
 C - a ring of protection from cold (on tentacle) {rC+, !d}
   (You found it on level 2 of the Lair of Beasts)
 I - a +6 ring of intelligence (on tentacle)
   (You found it on level 1 of the Dungeon)
Wands
 d - a wand of digging (7)
   (You found it on level 12 of the Dungeon)
 e - a wand of charming (23)
   (You took it off a gnoll on level 7 of the Dungeon)
 m - a wand of roots (35)
   (You found it on level 3 of the Dungeon)
 q - a wand of flame (142)
   (You took it off Natasha on level 3 of the Dungeon)
 y - a wand of mindburst (5)
   (You found it on level 3 of the Lair of Beasts)
Scrolls
 f - 8 scrolls of amnesia
 j - 2 scrolls of enchant weapon
 o - 2 scrolls of poison {!r}
 r - 3 scrolls of identify {@r1}
 u - 3 scrolls of enchant armour
 X - a scroll of magic mapping {@r4!r}
 Y - 10 scrolls of teleportation {@r3}
Potions
 c - a potion of mutation {unknown}
 i - 5 potions of attraction {!q}
 n - a potion of invisibility {unknown}
 x - 2 potions of cancellation
 A - a potion of might
 B - 8 potions of brilliance
 J - 8 potions of curing {@q1}
 L - 3 potions of flight
 M - 2 potions of magic
 P - 5 potions of lignification {!q}
 T - 4 potions of berserk rage {!q}
Miscellaneous
 v - a lightning rod (4/4)
   (You found it on level 11 of the Dungeon)
 w - a piece from Xom's chessboard (15/15)
   (You found it in an ice cave)


   Skills:
 + Level 11.5 Fighting
 + Level 11.8 Dodging
 - Level 2.6 Stealth
 - Level 10.0 Spellcasting
 - Level 10.0 Hexes
 - Level 10.0 Summonings
 + Level 9.5 Translocations
 - Level 7.0 Air Magic


You had 10 spell levels left.
You knew the following spells:

 Your Spells              Type           Power      Damage    Failure   Level
a - Summon Small Mammal   Summ           100%       N/A       1%          1
b - Call Canine Familiar  Summ           86%        N/A       1%          3
c - Call Imp              Summ           86%        N/A       1%          2
d - Summon Guardian Gole  Hex/Summ       86%        N/A       1%          3
e - Summon Lightning Spi  Summ/Air       79%        N/A       1%          4
f - Summon Mana Viper     Hex/Summ       86%        N/A       1%          5
g - Summon Forest         Summ/Tloc      42%        N/A       1%          5

Your spell library contained the following spells:

 Spells                   Type           Power      Damage    Failure   Level
 Shock                    Conj/Air       100%       1d9       1%          1
 Sting                    Tmut/Pois      92%        1d7       1%          1
 Blink                    Tloc           100%       N/A       1%          2
 Ensorcelled Hibernation  Hex/Ice        100%       N/A       1%          2
 Poisonous Vapours        Pois/Air       100%       N/A       1%          2
 Confusing Touch          Hex            86%        N/A       1%          3
 Lesser Beckoning         Tloc           84%        N/A       1%          3
 Swiftness                Air            72%        N/A       1%          3
 Airstrike                Air            36%        2d(6-22)  1%          4
 Anguish                  Hex/Necr       31%        N/A       1%          4
 Manifold Assault         Tloc           84%        N/A       1%          5
 Spider Form              Tmut/Pois      23%        N/A       3%          3
 Summon Cactus Giant      Summ           43%        N/A       3%          6
 Yara's Violent Unravell  Hex/Tmut       31%        3d13      4%          5
 Olgreb's Toxic Radiance  Pois           23%        N/A       12%         4
 Enfeeble                 Hex            43%        N/A       16%         7
 Chain Lightning          Conj/Air       26%        3d35      100%        9
 Fire Storm               Conj/Fire      11%        8d3       100%        9
 Shatter                  Erth           11%        3d12*     100%        9


Dungeon Overview and Level Annotations

Branches:
Dungeon (12/15)            Temple (1/1) D:5            Lair (4/5) D:8
  Swamp (0/4) Lair:3        Snake (0/4) Lair:2          Orc (2/2) D:12
    Elf (0/3) Orc:2         IceCv (visited)
  Slime: Lair:4-5

Altars:
Ashenzari
Cheibriados
Dithmenos
Elyvilon
Fedhas
Gozag
Hepliaklqana
Makhleb
Okawaru
Qazlal
Ru
Sif Muna
Uskayaw
Vehumet
Xom
Yredelemnul
Zin

Shops:
D:3 [   D:4 *:[   D:7 =   Orc:1 *   Orc:2 ([((   Lair:1 =   Lair:3 (:[!*


Innate Abilities, Weirdness & Mutations

You cannot wear most types of armour.
You are amphibious.
You can wear up to eight rings at the same time.
Your skin changes colour to match your surroundings (Stealth+).
Your rubbery body absorbs attacks. (AC +1, EV +1)
((You are camouflaged when in or above water. (Stealth+)))
You have tentacles for arms and can constrict up to eight enemies at once.


Message History

The four-headed hydra completely misses you.
The four-headed hydra barely misses you.
The four-headed hydra bites you but does no damage. x2
The hell rat completely misses you.
The elephant tramples you but does no damage.
The elephant completely misses you. The elephant tramples you.
You hold your ground!
The elephant trunk-slaps you but does no damage.
The bullfrog completely misses you.
The blink frog blinks!
The four-headed hydra completely misses you. x2
The four-headed hydra closely misses you. x2
The hell rat closely misses you.
There is a stone staircase leading up, spattered with blood here.
You take 4 damage, and have 97/101 hp.
A forested plane collides here with a resounding crunch!
Your dryad calls out to the forest.
The forest starts to sway and rumble!
You hear a trumpeting!
The bullfrog hits you! The elephant tramples you!
You hold your ground!
The elephant barely misses you. The elephant completely misses you.
The elephant misses you.
The four-headed hydra bites you but does no damage.
The four-headed hydra bites you!
The four-headed hydra completely misses you. x2
The five-headed hydra completely misses you.
The five-headed hydra barely misses you.
The five-headed hydra bites you! x2; The five-headed hydra misses you.
The bullfrog closely misses you.
You take 42 damage, and have 55/101 hp.
MASSIVE DAMAGE!!
You now have 23/28 mp.
As you read the scroll of teleportation {@r3}, it crumbles to dust.
You feel strangely unstable.
The trees move their gnarly branches around.
A root smacks the elephant from below!
A root smacks the four-headed hydra from below!
The hell rat is hit by a branch!
The hell rat dies!
A root smacks the plant from below!
The plant begins to die.
A tree reaches out and hits the hell rat!
The elephant completely misses you. The elephant closely misses you.
The elephant tramples you but does no damage.
The elephant closely misses you. The bullfrog hits you.
The five-headed hydra misses you.
The five-headed hydra bites you but does no damage.
The five-headed hydra completely misses you.
The five-headed hydra bites you but does no damage.
The five-headed hydra completely misses you.
The four-headed hydra bites you!
The four-headed hydra closely misses you.
The four-headed hydra misses you.
The four-headed hydra closely misses you.
Your dryad hits the five-headed hydra.
You take 14 damage, and have 41/101 hp.
Okay, then.
Okay, then.
Unknown command.
As you read the scroll of summoning, it crumbles to dust.
Wisps of shadow whirl around you...
A tree reaches out and hits the elephant!
A tree reaches out and hits the blink frog!
A tree reaches out but misses the four-headed hydra.
A tree reaches out and hits the plant!
The bullfrog barely misses you. The elephant completely misses you. x3
The elephant trunk-slaps you but does no damage.
The elephant misses you.
The elephant trunk-slaps you but does no damage.
The elephant tramples you but does no damage.
The elephant misses you. The five-headed hydra bites you! x2
* * * LOW HITPOINT WARNING * * *
The five-headed hydra misses you.
The five-headed hydra completely misses you. x2
The four-headed hydra misses you.
The four-headed hydra closely misses you.
The four-headed hydra bites you.
* * * LOW HITPOINT WARNING * * *
The four-headed hydra completely misses you.
A cane toad comes into view.
The bullfrog hits you but does no damage.
Your dryad hits the five-headed hydra!
You take 24 damage, and have 17/101 hp.
MASSIVE DAMAGE!!
You feel much better. Tree limbs sway around you.
A root smacks the elephant from below!
The blink frog is hit by a branch!
A root smacks the four-headed hydra from below!
A tree reaches out and hits the plant!
A root smacks the cane toad from below!
The blink frog blinks!
The elephant misses you. The elephant closely misses you.
The elephant completely misses you. x2
The elephant misses you. x2
An elephant comes into view.
The elephant misses you. The elephant trunk-slaps you. The bullfrog hits you.
The four-headed hydra barely misses you.
The four-headed hydra misses you. The four-headed hydra bites you!
* * * LOW HITPOINT WARNING * * *
The four-headed hydra bites you!
* * * LOW HITPOINT WARNING * * *
The five-headed hydra bites you!
You die...
Your body crumbles into a pile of gold.

... ......#
.♣.#♣?....# F
.......8..♣ ..
.8........# .8.
$
........♣.♣F...
.$....R8..F.F..
......FDY§.....
♣..8rY@D♣8..#
♣...rYY.F..♣#
P.♣$..r8...♣♣
..$.$...F.#♣
....♣#.+#.#
.!.. ♣. #♣ ...
.. Y. 8♣


You could see a five-headed hydra (ally target), a four-headed hydra (ally
target), 5 elephants, a cane toad, a blink frog (ally target), a bullfrog, 3
hell rats, a friendly dryad (summoned), a friendly cane toad (summoned) and 3
friendly blink frogs.

Vanquished Creatures
  Donald (Orc:2)
  An orc warlord (Orc:2)
  2 death yaks (IceCv)
  A hell knight (D:11)
  2 orc sorcerers (Orc:2)
  An elephant (Lair:1)
  Maurice (D:8)
  2 black mambas
  A cane toad (Lair:4)
  A kobold demonologist (D:11)
  2 komodo dragons
  A rime drake (IceCv)
  An ice devil (Lair:1)
  A hornet (D:8)
  7 polar bears (IceCv)
  A blink frog (Lair:3)
  2 slime creatures (D:12)
  A dream sheep (Lair:3)
  A basilisk (Lair:2)
  14 yaks
  A fire elemental (D:11)
  A steam dragon (D:7)
  A warg (Orc:1)
  2 water moccasins
  An ice beast (D:8)
  3 orc warriors
  A black bear (D:8)
  18 wolves
  2 centaurs
  5 bullfrogs
  A necrophage (D:4)
  2 scorpions
  3 wights
  2 killer bees (D:8)
  A howler monkey (D:7)
  6 orc priests
  2 hounds (D:5)
  An iron imp (D:4)
  Jessica (D:2)
  An iguana (D:4)
  4 orc wizards
  Natasha (thrice) (D:3)
  A hound skeleton (D:4)
  3 gnolls
  4 adders
  A dart slug (D:5)
  12 orcs
  4 ball pythons
  3 bats
  7 endoplasms
  A giant cockroach (D:4)
  5 goblins
  5 hobgoblins
  5 kobolds
  4 quokkas
  3 frilled lizards
  6 rats
170 creatures vanquished.

Vanquished Creatures (collateral kills)
  An orc warlord (Orc:2)
  Fannar (D:10)
  Erolcha (Orc:2)
  2 ironbound frosthearts (IceCv)
  2 two-headed ogres (D:9)
  3 orc high priests (Orc:2)
  Urug (D:12)
  Sonja (Lair:3)
  5 orc knights
  A deep elf pyromancer (D:12)
  An ugly thing (IceCv)
  3 orc sorcerers (Orc:2)
  2 cyclopes
  5 elephants
  Joseph (D:8)
  An ice statue (IceCv)
  An orange demon (D:8)
  2 cane toads
  2 rime drakes
  Psyche (D:8)
  3 komodo dragons
  An unseen horror (D:11)
  An ice devil (Lair:1)
  4 trolls
  5 polar bears
  12 dream sheep (Lair:3)
  2 slime creatures (D:12)
  9 blink frogs
  Sigmund (D:5)
  A wraith (D:12)
  3 shadows
  43 yaks
  A human (D:11)
  3 hogs (D:11)
  6 wyverns
  A basilisk (D:12)
  4 vampire mosquitoes (D:12)
  4 wargs
  3 nagas (Lair:2)
  7 water moccasins
  A swamp drake (Lair:3)
  An ice beast (D:7)
  32 orc warriors
  2 black bears
  3 ogres
  8 wolves
  3 centaurs
  A phantom (D:6)
  5 kobold brigands
  3 bullfrogs
  2 gnoll sergeants
  A necrophage (D:7)
  4 scorpions
  8 wights
  A killer bee (D:8)
  3 howler monkeys
  A lava snake (D:11)
  16 orc priests
  A gnoll bouda (D:7)
  2 hounds
  2 iguanas
  17 orc wizards
  A hell rat (Lair:4)
  11 gnolls
  An adder (D:6)
  69 orcs
  2 ball pythons
  An endoplasm (D:1)
  3 hobgoblins
  26 kobolds
  A rat (D:1)
383 creatures vanquished.

Vanquished Creatures (others)
  A two-headed ogre (D:11)
  Amaemon (D:8)
  A deep troll (Orc:2)
  An elephant (Lair:4)
  3 trolls
  2 slime creatures (D:12)
  3 orc warriors
  2 killer bees
  An orc wizard (D:8)
  3 orcs
  36 fungi
  51 plants
  3 snaplasher vines (Orc:2)
108 creatures vanquished.

Grand Total: 661 creatures vanquished

Notes
Turn   | Place    | Note
-------+----------+-------------------------------------------
     0 | D:1      | OTABOTABOTAB the Octopode Summoner began the quest for the
                  | Orb.
     0 | D:1      | Reached XP level 1. HP: 11/11 MP: 3/3
    94 | D:1      | Identified 3 scrolls of acquirement
    94 | D:1      | Acquired the +10 lajatang of the Wraith {holy, rCorr Dex+4}
    98 | D:1      | Acquired the ring of Awe {AC+4 Int+5 Dex+3}
   100 | D:1      | Acquired the ring of Waucotecen {Will+ rCorr Dex+4 SInv}
   137 | D:1      | Reached XP level 2. HP: 17/17 MP: 1/5
   184 | D:1      | Learned a level 2 spell: Call Imp
   234 | D:1      | Found a faded altar of an unknown god.
  1029 | D:1      | Reached XP level 3. HP: 16/21 MP: 6/6
  1527 | D:2      | Noticed Jessica
  1530 | D:2      | Killed Jessica
  1531 | D:2      | Reached skill level 3 in Spellcasting
  1531 | D:2      | Reached XP level 4. HP: 27/27 MP: 8/8
  2102 | D:3      | Found Ymmy Ciutu's Antique Armour Shoppe.
  2181 | D:3      | Noticed Natasha
  2184 | D:3      | Killed Natasha
  2185 | D:3      | Reached skill level 5 in Summonings
  2247 | D:3      | Reached XP level 5. HP: 14/31 MP: 5/10
  2458 | D:3      | Learned a level 3 spell: Call Canine Familiar
  2462 | D:3      | Learned a level 3 spell: Summon Guardian Golem
  2544 | D:3      | Noticed Natasha
  2549 | D:3      | Killed Natasha
  2550 | D:3      | Reached skill level 1 in Hexes
  2550 | D:3      | Reached XP level 6. HP: 37/37 MP: 11/11
  2551 | D:3      | Reached skill level 1 in Fighting
  2598 | D:3      | Noticed Natasha
  2602 | D:3      | Killed Natasha
  2735 | D:4      | Reached skill level 4 in Spellcasting
  2891 | D:4      | Found Gamycsypi's Antique Armour Boutique.
  3013 | D:4      | Found a shadowy altar of Dithmenos.
  3064 | D:4      | Found a burning altar of Makhleb.
  3070 | D:4      | Reached skill level 2 in Fighting
  3070 | D:4      | Reached skill level 3 in Dodging
  3070 | D:4      | Reached skill level 2 in Hexes
  3070 | D:4      | Reached XP level 7. HP: 45/45 MP: 13/13
  3091 | D:4      | Found Tuuwolaw's General Store.
  3142 | D:4      | Bought a scroll of identify for 24 gold pieces
  3142 | D:4      | Bought a scroll of identify for 24 gold pieces
  3325 | D:4      | Found a snail-covered altar of Cheibriados.
  3402 | D:4      | Found Koenoidu's Book Boutique.
  3706 | D:5      | Entered Level 5 of the Dungeon
  3806 | D:5      | Reached skill level 6 in Summonings
  4045 | D:5      | Found a staircase to the Ecumenical Temple.
  4054 | Temple   | Entered the Ecumenical Temple
  4067 | Temple   | Became a worshipper of Gozag Ym Sagoz the Greedy
  4276 | D:5      | Found a glowing silver altar of Zin.
  4405 | D:5      | Learned a level 4 spell: Summon Lightning Spire
  4428 | D:5      | Noticed Sigmund
  4433 | D:5      | Killed Sigmund
  4434 | D:5      | Reached skill level 3 in Fighting
  4434 | D:5      | Reached skill level 3 in Hexes
  4434 | D:5      | Reached XP level 8. HP: 52/52 MP: 11/15
  4666 | D:5      | Reached skill level 4 in Dodging
  5264 | D:6      | Reached skill level 5 in Spellcasting
  5553 | D:6      | Acquired the ring of Henotheism {Drain rElec Str+6 Int+2
                  | Dex+5}
  6157 | D:6      | Reached skill level 4 in Hexes
  6384 | D:6      | Reached skill level 4 in Fighting
  6639 | D:6      | Reached skill level 1 in Air Magic
  7071 | D:7      | Reached XP level 9. HP: 58/58 MP: 1/17
  7076 | D:7      | Reached skill level 7 in Summonings
  7188 | D:7      | Reached skill level 5 in Dodging
  7188 | D:7      | Reached skill level 2 in Air Magic
  7480 | D:7      | Found Dackej's Jewellery Shoppe.
  7544 | D:4      | Bought a book of the Wilderness for 494 gold pieces
  7789 | D:7      | Found a hazy altar of Hepliaklqana.
  8054 | D:7      | Reached skill level 6 in Spellcasting
  8316 | D:8      | Reached skill level 5 in Hexes
  8316 | D:8      | Reached skill level 3 in Air Magic
  8398 | D:8      | Noticed Psyche
  8411 | D:8      | Killed Psyche
  8412 | D:8      | Reached skill level 5 in Fighting
  8504 | D:8      | Found a stormy altar of Qazlal.
  8559 | D:8      | Noticed Joseph
  8574 | D:8      | Reached XP level 10. HP: 66/66 MP: 9/19
  8587 | D:8      | Killed Joseph
  8588 | D:8      | Reached skill level 6 in Dodging
  8920 | D:8      | Noticed an orange demon
  8922 | D:8      | Noticed Amaemon
  8947 | D:8      | Killed an orange demon
  8948 | D:8      | Reached skill level 8 in Summonings
  8948 | D:8      | Reached skill level 4 in Air Magic
  8948 | D:8      | Killed Amaemon
  8970 | D:8      | Reached skill level 6 in Fighting
  9083 | D:8      | Noticed Maurice
  9099 | D:8      | HP: 13/68 [Maurice/puff of flame (11)]
  9111 | D:8      | Killed Maurice
  9112 | D:8      | Reached skill level 7 in Spellcasting
  9230 | D:8      | Reached skill level 5 in Air Magic
  9387 | D:8      | Found a staircase to the Lair.
  9415 | D:8      | Reached skill level 7 in Dodging
  9421 | D:8      | Learned a level 5 spell: Summon Mana Viper
  9427 | D:8      | Learned a level 5 spell: Summon Forest
  9758 | D:9      | Found a sacrificial altar of Ru.
  9811 | D:9      | Noticed a two-headed ogre
  9826 | D:9      | Killed a two-headed ogre
  9827 | D:9      | Reached skill level 1 in Translocations
  9827 | D:9      | Reached XP level 11. HP: 74/74 MP: 13/22
 10157 | D:9      | Noticed a two-headed ogre
 10168 | D:9      | Killed a two-headed ogre
 10292 | D:9      | Reached skill level 2 in Translocations
 10484 | D:9      | Found a shimmering altar of Xom.
 10486 | D:9      | Found a broken altar of Ashenzari.
 10486 | D:9      | Found an iron altar of Okawaru.
 10654 | D:10     | Entered Level 10 of the Dungeon
 10734 | D:10     | Reached skill level 7 in Fighting
 10781 | D:10     | Reached skill level 9 in Summonings
 10900 | D:10     | Noticed Fannar
 10918 | D:10     | Killed Fannar
 11273 | D:10     | Reached skill level 6 in Air Magic
 11284 | D:10     | Reached skill level 6 in Hexes
 11477 | D:10     | Reached skill level 3 in Translocations
 12156 | D:11     | Noticed a two-headed ogre
 12190 | D:11     | Killed a two-headed ogre
 12191 | D:11     | Reached skill level 8 in Spellcasting
 12457 | D:11     | Reached skill level 8 in Dodging
 13036 | D:11     | Reached XP level 12. HP: 81/81 MP: 5/24
 13164 | D:11     | Noticed a hell knight
 13295 | D:11     | Killed a hell knight
 13558 | D:12     | Reached skill level 4 in Translocations
 13795 | D:12     | Reached skill level 8 in Fighting
 13806 | D:12     | Reached skill level 7 in Air Magic
 13830 | D:12     | Reached skill level 7 in Hexes
 14247 | D:12     | Noticed Urug
 14260 | D:12     | Killed Urug
 14261 | D:12     | Reached skill level 10 in Summonings
 14340 | D:12     | Found a staircase to the Orcish Mines.
 14760 | D:12     | Reached skill level 5 in Translocations
 15109 | Orc:1    | Entered Level 1 of the Orcish Mines
 15280 | Orc:1    | Found Uwankog's General Store.
 15335 | Orc:1    | Bought a scroll of amnesia for 56 gold pieces
 15577 | Orc:2    | Entered Level 2 of the Orcish Mines
 15714 | Orc:2    | Found a staircase to the Elven Halls.
 15744 | Orc:2    | Trevise: SUMMON FOREST
 15744 | Orc:2    | OTABOTABOTAB: HAI I WILL
 15744 | Orc:2    | OTABOTABOTAB: BB
 15744 | Orc:2    | Trevise: HAI
 15750 | Orc:2    | Reached skill level 9 in Dodging
 15766 | Orc:2    | Trevise: YESSSSS
 15768 | Orc:2    | Noticed an orc warlord
 15769 | Orc:2    | OTABOTABOTAB: so op
 15777 | Orc:2    | Killed an orc warlord
 15778 | Orc:2    | Reached skill level 9 in Spellcasting
 15778 | Orc:2    | Reached XP level 13. HP: 89/89 MP: 5/26
 16045 | Orc:2    | Reached skill level 9 in Fighting
 16045 | Orc:2    | Reached skill level 6 in Translocations
 16047 | Orc:2    | Reached skill level 8 in Hexes
 16592 | Orc:2    | Found Bueli's Antique Weapon Shoppe.
 16597 | Orc:2    | Found Goaph's Antique Armour Emporium.
 17061 | Orc:2    | Noticed Donald
 17097 | Orc:2    | Killed Donald
 17099 | Orc:1    | Found a shimmering altar of Xom.
 17497 | Orc:2    | Noticed Erolcha
 17504 | Orc:2    | Killed Erolcha
 17505 | Orc:2    | Reached skill level 10 in Dodging
 17733 | Orc:2    | Noticed an orc warlord
 17746 | Orc:2    | Killed an orc warlord
 17747 | Orc:2    | Reached skill level 7 in Translocations
 17973 | Orc:2    | Found Lueshr Buat's Antique Weapon Emporium.
 18088 | Orc:2    | Found Zoahoj's Weapon Boutique.
 18353 | Lair:1   | Entered Level 1 of the Lair of Beasts
 18489 | Lair:1   | Reached skill level 9 in Hexes
 18606 | Lair:1   | Reached skill level 10 in Spellcasting
 18608 | Lair:1   | Reached skill level 10 in Fighting
 18611 | Lair:1   | Reached XP level 14. HP: 93/99 MP: 14/28
 18961 | Lair:1   | Found a frozen archway.
 18987 | IceCv    | Entered an ice cave
 19531 | IceCv    | Reached skill level 8 in Translocations
 19766 | IceCv    | HP: 4/99 [ironbound frostheart/creeping frost (26)]
 19855 | IceCv    | HP: 24/99 [ironbound frostheart/creeping frost (13)]
 20294 | IceCv    | Reached skill level 11 in Dodging
 20859 | Lair:2   | Reached skill level 10 in Hexes
 21022 | Lair:2   | Found a staircase to the Snake Pit.
 21759 | Lair:3   | Found a staircase to the Swamp.
 21766 | Lair:3   | Reached skill level 11 in Fighting
 21770 | Lair:3   | Reached skill level 9 in Translocations
 21770 | Lair:3   | Noticed Sonja
 21786 | Lair:3   | Killed Sonja
 22406 | Lair:3   | OTABOTABOTAB: fml
 22406 | Lair:3   | OTABOTABOTAB: i just need storm form
 22781 | Lair:4   | HP: 19/101 [five-headed hydra (12)]
 22782 | Lair:4   | Slain by a five-headed hydra

Illustrated notes

Levels and vault maps discovered:
D:1:      minmay_arrival_hallway, layout_loops_corners, basic_ecumenical_altar,
          minmay_unequal
D:2:      layout_loops_ring, uniq_jessica
D:3:      layout_basic, serial_shops, nicolae_shop_advertising_works
          [nicolae_subvault_shop_adworks], minmay_shallow_snake_nest,
          uniq_natasha
D:4:      layout_rooms, grunt_dithmenos_smoke_and_mirrors,
          makhleb_blood_cavern_becter, slow_altar_1, serial_shops,
          nicolae_square_shop, nicolae_shop_temple_entry_statues_fountains,
          kennysheep_mini_moat, chequers_serial_rivers_large_a,
          minmay_fractal_squares_gapless_5
D:5:      layout_layer_cave, mainiacjoe_overflow_cross_hatched,
          lemuel_temple_firewalk_b, uniq_sigmund
D:6:      layout_basic
D:7:      layout_basic, nicolae_hepliaklqana_hazy_memory, serial_shops,
          nicolae_stop_n_shop_2
D:8:      layout_basic, nicolae_qazlal_style_of_elements,
          grunt_lair_entry_orc_guard_hut, uniq_amaemon, uniq_psyche,
          uniq_joseph, uniq_maurice
D:9:      layout_roguey, nicolae_overflow_crystal_walls,
          gammafunk_temple_overflow_claw
D:10:     layout_loops_ring, uniq_fannar
D:11:     layout_long_grid, grunt_livestock, kennysheep_island_fort
D:12:     layout_basic, orc_0_dummy, serial_glass, glass_columns_a,
          glass_columns_a, glass_columns_a, glass_columns_a, glass_columns_a,
          glass_columns_a, uniq_urug
Temple:   nicolae_temple_bog_church
Lair:1:   layout_loops_ring, portal_ice_cave_demonic_guard, grunt_megastairs_2
Lair:2:   layout_roguey, guppyfry_snake_entry_island
Lair:3:   layout_cave_shapes, minmay_swamp_entry_reptiles, uniq_sonja
Lair:4:   layout_roguey, slime_entry_1, grunt_megastairs_3, uniq_kirke
Orc:1:    layout_caves, basic_altar, serial_shops, nicolae_shop_waterfront
Orc:2:    grunt_orc_community_town_hall, layout_diamond_mine,
          grunt_orc_community_big_house_2, grunt_orc_community_big_house_2,
          grunt_orc_community_house_3, grunt_orc_community_house_1,
          grunt_orc_community_house_3, grunt_orc_community_house_1,
          guppyfry_orc_lava_fort, uniq_donald, uniq_erolcha

Skill      XL: |  1  2  3  4  5  6  7  8  9 10 11 12 13 14 |
---------------+-------------------------------------------+-----
Spellcasting   | 3 4 5 6 7 8 9 10 | 10.0
Summonings     | 5 6 7 8 9 10 | 10.0
Hexes          | 1 2 3 4 5 6 7 9 10 | 10.0
Fighting       | 2 3 4 5 6 7 8 10 11 | 11.5
Dodging        | 3 4 5 7 8 9 10 11 | 11.8
Air Magic      | 1 3 5 6 7 |  7.0
Translocations | 1 3 5 7 9 |  9.5
Stealth        | |  2.6

Action                   |  1- 3 |  4- 6 |  7- 9 | 10-12 | 13-15 || total
-------------------------+-------+-------+-------+-------+-------++-------
Melee: Lajatang          |    24 |    41 |    53 |    63 |   206 ||   387
       Constrict         |     4 |     9 |    14 |    16 |    33 ||    76
       Tentacles         |     1 |     4 |     9 |    15 |    67 ||    96
       Punch             |       |       |     1 |     1 |     5 ||     7
 Fire: Sling             |     5 |       |       |       |       ||     5
 Cast: Summon Small Mamm |    10 |     7 |    18 |    40 |     8 ||    83
       Call Imp          |     2 |     4 |    11 |    22 |     5 ||    44
       Call Canine Famil |       |     3 |    21 |    31 |    19 ||    74
       Summon Guardian G |       |       |    12 |    32 |    16 ||    60
       Summon Lightning  |       |       |    26 |    63 |    35 ||   124
       Summon Mana Viper |       |       |       |    26 |    54 ||    80
       Summon Forest     |       |       |       |     1 |    29 ||    30
Invok: Call Merchant     |       |       |       |       |     6 ||     6
  Use: Scroll            |     3 |       |    16 |     6 |     3 ||    28
       Potion            |       |       |       |     2 |     4 ||     6
 Stab: Sleeping          |     2 |    11 |     8 |       |       ||    21
       Distracted        |       |       |     1 |     5 |     8 ||    14
Armor: Skin              |     8 |     8 |    10 |    15 |    53 ||    94
Dodge: Dodged            |    16 |    36 |    49 |    84 |   388 ||   573

Table legend: (Time is in decaauts)
 A = Elapsed time spent in this place.
 B = Non-inter-level travel time spent in this place.
 C = Inter-level travel time spent in this place.
 D = Time resting spent in this place.
 E = Time spent auto-exploring this place.
 F = Levels seen in this place.
 G = Mean time per level.
                   A        B        C        D        E       F      G
               +--------+--------+--------+--------+--------+-----+--------+
         Total |  22953 |  22172 |    781 |   2018 |  16497 |  20 | 1147.7 |
       Dungeon |  15270 |  14618 |    652 |    622 |  12023 |  12 | 1272.5 |
        Temple |     24 |     14 |     10 |      0 |      6 |   1 |   24.0 |
          Lair |   2929 |   2861 |     68 |    501 |   1971 |   4 |  732.2 |
  Orcish Mines |   3158 |   3108 |     50 |    595 |   1806 |   2 | 1579.0 |
      Ice Cave |   1570 |   1570 |      0 |    300 |    691 |   1 | 1570.0 |
               +--------+--------+--------+--------+--------+-----+--------+

Top non-repeatable levels by time:
   Orc:2: 2334 daAuts
     D:6: 1867 daAuts
    D:12: 1697 daAuts
   IceCv: 1570 daAuts
     D:5: 1535 daAuts
    D:11: 1427 daAuts
    D:10: 1402 daAuts
     D:8: 1315 daAuts
     D:1: 1189 daAuts
     D:7: 1168 daAuts
     D:9: 1088 daAuts
     D:4: 1050 daAuts
  Lair:3: 1011 daAuts
  Lair:2: 987 daAuts
  Lair:1: 915 daAuts

Table legend:
 A = Kills in this place as a percentage of kills in entire the game.
 B = Kills by you in this place as a percentage of kills by you in the entire game.
 C = Kills by friends in this place as a percentage of kills by friends in the entire game.
 D = Other kills in this place as a percentage of other kills in the entire game.
 E = Experience gained in this place as a percentage of experience gained in the entire game.
 F = Experience gained in this place divided by the number of levels of this place that you have seen.
                   A       B       C       D       E      F
               +-------+-------+-------+-------+-------+----------------------
         Total | 100.0 | 100.0 | 100.0 | 100.0 | 100.0 | 4310.1
       Dungeon |  49.2 |  61.8 |  43.3 |  55.6 |  33.0 | 2369.1
          Lair |  15.6 |   9.4 |  18.8 |   5.6 |  25.6 | 5517.0
  Orcish Mines |  26.4 |   8.2 |  33.9 |  38.9 |  26.0 | 11192.0
      Ice Cave |   8.8 |  20.6 |   3.9 |   0.0 |  15.5 | 13322.0
               +-------+-------+-------+-------+-------+----------------------
